 Dungeon Sprint DCSS version 0.22-a0-110-g5b255cf (webtiles) character file.

128 theanonym the Chopper (level 4, -2/67 HPs)
             Began as a Deep Dwarf Fighter on Jan 27, 2018.
             Slain by a killer bee (6 damage)
             ... in the Dungeon (Sprint IV: "Fedhas' Mad Dash").
             The game lasted 00:00:58 (68 turns).

theanonym the Chopper (Deep Dwarf Fighter)            Turns: 68, Time: 00:00:58

Health: -2/67      AC:  7    Str: 26    XL:     4   Next: 86%
Magic:  3/3        EV:  8    Int:  8    God:
Gold:   48         SH: 11    Dex: 12    Spells: 3/3 levels left

rFire    . . .     SeeInvis .   a - +0 war axe
rCold    . . .     Gourm    .   c - +0 shield
rNeg     . . .     Faith    .   k - +0 scale mail {10}
rPois    .         Spirit   .   (no helmet)
rElec    .         Reflect  .   (no cloak)
rCorr    .         Harm     .   (no gloves)
MR       .....     NoTele   +   (no boots)
Stlth    ..........             f - amulet of invisibility {+Inv}
HPRegen  0.00/turn              (no ring)
MPRegen  0.08/turn              (no ring)

@: berserking, lethally poisoned (-2 -> -13), slightly contaminated,
non-regenerating, hasted, very quick
A: damage resistance, heal wounds, sense surroundings 1, no regeneration
a: Heal Wounds, Evoke Invisibility


Innate Abilities, Weirdness & Mutations

You are resistant to damage.
You can heal yourself by infusing magical energy.
You passively map a small area around you.
You do not regenerate.


   Skills:
 + Level 4.7 Fighting
 * Level 7.0 Axes
 + Level 5.7 Armour
 + Level 5.7 Shields


You had 3 spell levels left.
You didn't know any spells.

Skill      XL: |  1  2  3  4 |
---------------+-------------+-----
Fighting       | 3 4 |  4.7
Axes           | 3 4 6 7 |  7.0
Armour         | 4 5 |  5.7
Shields        | 4 5 |  5.7

Action                   |  1- 3 |  4- 6 || total
-------------------------+-------+-------++-------
Melee: War axe           |     8 |     8 ||    16
 Abil: Evoke Invisibilit |     1 |       ||     1
       Heal Wounds       |       |     2 ||     2
  Use: Scroll            |     1 |     1 ||     2
       Potion            |       |     2 ||     2
Armor: Scale mail        |       |     6 ||     6
Dodge: Dodged            |     2 |     5 ||     7
Block: Shield            |     2 |    14 ||    16

Inventory:

Hand Weapons
 a - a +0 war axe (weapon)
Armour
 c - a +0 shield (worn)
 k - a +0 scale mail (worn) {10}
Jewellery
 f - the amulet of invisibility (around neck) {+Inv}
   (You found it in the Dungeon)

   [amulet of nothing]

   It lets you turn invisible.
Potions
 d - a potion of might
 i - 2 potions of magic
 q - a potion of heal wounds
 w - a potion of curing
Comestibles
 e - a ration
 g - 2 chunks of flesh You were in the Dungeon. You were not hungry. You visited 1 branch You collected 48 gold pieces.

Dungeon Overview and Level Annotations

Branches:
Dungeon (1/1)

Altars:

##################
#<..P#.÷...#.....#
#PP..'.....'.#.).+,
#PPPP#.....#.#...#,
###############'##
_
#...♣.....yyy@...#
_
#%.....♣....y#$.$#
* *
#.....♣..♣..######
##+####+##### ,
,,,, ,, , , ,, * ,
* , , ,, ,* , , * *
* , , , , * , , , ,


You could see a queen bee and 3 killer bees.

Notes
Turn   | Place    | Note
-------+----------+-------------------------------------------
     0 | D        | theanonym the Deep Dwarf Fighter began the quest for the Orb.
     0 | D        | Reached XP level 1. HP: 20/20 MP: 1/1
     7 | D        | Reached skill level 3 in Fighting
     7 | D        | Reached skill level 3 in Axes
     7 | D        | Reached XP level 2. HP: 28/28 MP: 2/2
    15 | D        | Noticed an oklob sapling
    17 | D        | Killed an oklob sapling
    17 | D        | Reached skill level 4 in Axes
    17 | D        | Reached skill level 4 in Armour
    17 | D        | Reached skill level 4 in Shields
    17 | D        | Reached XP level 3. HP: 36/36 MP: 3/3
    21 | D        | Found the amulet of invisibility {+Inv}
    23 | D        | Reached skill level 4 in Fighting
    23 | D        | Reached skill level 5 in Axes
    41 | D        | Noticed an oklob sapling
    44 | D        | HP: 18/36 [acid (13)]
    45 | D        | Killed an oklob sapling
    45 | D        | Reached skill level 6 in Axes
    45 | D        | Reached skill level 5 in Armour
    45 | D        | Reached skill level 5 in Shields
    45 | D        | Reached XP level 4. HP: 22/44 MP: 1/4
    55 | D        | Noticed a queen bee
    57 | D        | Reached skill level 7 in Axes
    59 | D        | HP: 22/45 [killer bee (2)]
    59 | D        | HP: 3/45 [killer bee (9)]
    65 | D        | HP: 33/67 [killer bee (2)]
    66 | D        | HP: 15/67 [killer bee (8)]
    67 | D        | HP: 7/67 [killer bee (1)]
    68 | D        | Slain by a killer bee

Vanquished Creatures
  A killer bee (D)
  2 oklob saplings (D)
  A worker ant (D)
  A river rat (D)
  A rat (D)
6 creatures vanquished.

Table legend:
 A = Turns spent in this place as a percentage of turns spent in the entire game.
 B = Non-inter-level travel turns spent in this place as a percentage of non-inter-level travel turns spent in the entire game.
 C = Inter-level travel turns spent in this place as a percentage of turns spent in this place.
 D = Turns resting spent in this place as a percentage of non-inter-level travel turns spent in this place.
 E = Turns spent auto-exploring this place as a percentage of non-inter-level travel turns spent in this place.
 F = Non-inter-level travel turns spent in this place divided by the number of levels of this place that you've seen.
                   A       B       C       D       E      F
               +-------+-------+-------+-------+-------+----------------------
         Total | 100.0 | 100.0 |   0.0 |   0.0 |  30.9 |  68.0
       Dungeon | 100.0 | 100.0 |   0.0 |   0.0 |  30.9 |  68.0
               +-------+-------+-------+-------+-------+----------------------
